 Dungeon Crawl Stone Soup version 0.19.1-1-g22dce08 (console) character file.

18130 Kloppie the Fighter (level 12, -2/115 HPs)
             Began as a White Draconian Berserker on Jan 11, 2017.
             Was a High Priest of Trog.
             Slain by a komodo dragon (4 damage)
             ... on level 1 of the Lair of Beasts.
             The game lasted 00:24:44 (15747 turns).

Kloppie the Fighter (White Draconian Berserker)    Turns: 15747, Time: 00:24:45

Health: -2/115     AC: 12    Str: 20    XL:     12   Next: 25%
Magic:  12/12      EV:  2    Int: 10    God:    Trog [*****.]
Gold:   702        SH:  0    Dex: 16    Spells: 0 memorised, 11 levels left

rFire  + . .     SeeInvis .     a - +0 scimitar (curse)
rCold  + + .     Gourm    .     (armour unavailable)
rNeg   + + +     Faith    .     E - +0 buckler
rPois  ∞         Spirit   .     (helmet restricted)
rElec  .         Reflect  .     s - +0 cloak
rCorr  .         Harm     .     G - +0 pair of gloves
MR     .....                    m - +0 pair of boots
Stlth  +.........               (no amulet)
                                J - ring of the Octopus King {rF+ AC+1 EV+1 Str+1 Int+1 Dex+1}
                                o - ring of protection from cold

@: petrified
A: breathe frost, unfitting armour, cold resistance 1, cold-blooded, AC +8
a: Breathe Frost, Berserk, Trog's Hand, Brothers in Arms, Burn Spellbooks,
Renounce Religion


You were on level 1 of the Lair of Beasts.
You worshipped Trog.
Trog was extremely pleased with you.
You were not hungry.

You visited 2 branches of the dungeon, and saw 14 of its levels.

You collected 734 gold pieces.
You spent 32 gold pieces at shops.

Inventory:

Hand Weapons
 a - a cursed +0 scimitar (weapon)
 d - the +0 morningstar "Aubergine" {crush, rPois MP-9 Int+3}
   (You found it on level 11 of the Dungeon)

   It inflicts extra damage upon your enemies.
   It affects your intelligence (+3).
   It protects you from poison.
   It affects your magic capacity (-9).
 r - a +0 long sword
Missiles
 h - 13 silver javelins (quivered)
Armour
 m - a +0 pair of boots (worn)
 s - a +0 cloak (worn)
 E - a +0 buckler (worn)
 G - a +0 pair of gloves (worn)
Jewellery
 j - a cursed ring of teleportation {unknown}
 o - a ring of protection from cold (left hand)
 J - a ring of the Octopus King (right hand) {rF+ AC+1 EV+1 Str+1 Int+1 Dex+1}
   (You found it on level 8 of the Dungeon)

   [ring of protection from fire]

   It affects your AC (+1).
   It affects your evasion (+1).
   It affects your strength (+1).
   It affects your intelligence (+1).
   It affects your dexterity (+1).
   It protects you from fire.
Wands
 c - a wand of teleportation (6/9)
 K - a wand of teleportation (0/9)
Scrolls
 i - 3 scrolls of fog
 k - 5 scrolls of magic mapping
 l - 7 scrolls of remove curse
 p - 3 scrolls of enchant armour
 t - 4 scrolls of recharging
 v - a scroll of identify
 z - a scroll of teleportation
 B - 2 scrolls of enchant weapon
 N - a scroll of silence {unknown}
 P - a scroll of blinking {unknown}
 Q - a scroll of torment {unknown}
Potions
 e - a potion of cancellation
 g - 5 potions of curing
 C - a potion of flight
 D - a potion of haste
 H - a potion of resistance
Comestibles
 b - 15 bread rations
 f - 5 fruits
 n - 2 slices of pizza
 q - 4 beef jerkies
 u - 2 chunks of flesh
 I - a meat ration


   Skills:
 - Level 13.5 Fighting
 + Level 13.3 Long Blades
 - Level 7.8 Dodging
 - Level 4.1 Shields


You had 11 spell levels left.
You didn't know any spells.

Dungeon Overview and Level Annotations

Branches:
Dungeon (12/15)            Temple (0/1) D:4            Lair (2/6) D:9
 Spider (0/4) Lair:2          Orc (0/2) D:10
  Swamp: Lair:2-4    Shoals: Lair:2-4

Altars:
Cheibriados
Elyvilon
Fedhas
Gozag
Kikubaaqudgha
Makhleb
Okawaru
Qazlal
Sif Muna
Trog
Uskayaw
Vehumet
Xom
Zin
The Shining One

Shops:
D:7 !?%

Portals:
Trove: D:10 (give wand of hasting (9))

Annotations:
D:11 exclusion: obsidian statue


Innate Abilities, Weirdness & Mutations

You can breathe waves of freezing cold.
You can buffet flying creatures when you breathe cold.
Your icy white scales are hard. (AC +8)
You cannot fit into any form of body armour.
Your flesh is cold resistant. (rC+)
You are cold-blooded and may be slowed by cold attacks.


Message History

* * * LOW HITPOINT WARNING * * *
The yak gores you but does no damage. The yak gores you.
* * * LOW HITPOINT WARNING * * *
The basilisk bites you!
* * * LOW HITPOINT WARNING * * *
The yak gores you!
* * * LOW HITPOINT WARNING * * *
The komodo dragon bites you but does no damage.
The water moccasin bites you.
* * * LOW HITPOINT WARNING * * *
The yak gores you!
* * * LOW HITPOINT WARNING * * *
The water moccasin bites you.
* * * LOW HITPOINT WARNING * * *
The yak gores you but does no damage. The basilisk bites you!
* * * LOW HITPOINT WARNING * * *
The yak gores you.
* * * LOW HITPOINT WARNING * * *
The komodo dragon bites you!
You die...

...##......# ..
....#.....?#...
...#...⌠...#...
.⌠%..........⌠.
...............
.......⌠.......
#.....YSl.....#
#..⌠.Y@l.⌠..#
##...Y.....##
####
##...⌠...## ..#
#.#.....## ..#
# ###+#.# #.#
#. .. #.# ..
P.. #.# .#. #.#
#.. .#.P #.#
#<#


You could see a komodo dragon, 3 yaks, a basilisk and a water moccasin.

Vanquished Creatures
  The ghost of eXcel the Cruncher, a novice MiGl of Okawaru (D:8)
  A death yak (D:12)
  2 hill giants
  An ugly thing (D:8)
  Pikel (D:6)
  A cyclops (D:11)
  A manticore (D:12)
  3 centaur zombies
  Psyche (D:11)
  A gargoyle (D:11)
  A polar bear (D:12)
  A troll (D:11)
  2 two-headed ogres
  A hornet (D:10)
  Grinder (D:6)
  4 slime creatures (D:12)
  A hippogriff (D:7)
  A spriggan (D:7)
  4 yaks (D:10)
  A wraith (D:11)
  A wyvern (D:11)
  Eustachio (D:6)
  A vampire (D:12)
  3 hungry ghosts
  A steam dragon (D:12)
  4 vampire mosquitoes (D:12)
  Menkaure (D:5)
  A warg (D:9)
  2 porcupines
  7 orc warriors
  3 sky beasts
  5 ice beasts
  An eye of draining (D:3)
  4 ogres
  5 phantoms
  2 necrophages (D:6)
  A wolf (D:12)
  12 centaurs
  A big kobold (D:9)
  10 bullfrogs
  A gnoll sergeant (D:7)
  4 scorpions
  A wyvern skeleton (D:10)
  27 killer bees
  3 wights (D:12)
  2 howler monkeys
  3 electric eels (D:12)
  A bullfrog zombie (D:11)
  5 crimson imps
  2 quasits
  An iron imp (D:7)
  3 jellies
  8 hounds
  7 orc priests
  5 bullfrog skeletons
  A gnoll shaman (D:7)
  11 orc wizards
  5 iguanas
  2 hell rats (D:9)
  Natasha (thrice) (D:4)
  14 worker ants
  A bullfrog simulacrum (D:12)
  2 hound skeletons
  4 worker ant zombies
  8 adders
  11 gnolls
  2 river rats
  A shadow imp (D:10)
  4 white imps (D:12)
  2 ufetubi (D:12)
  3 oozes
  An adder zombie (D:5)
  4 worms
  2 dart slugs (D:1)
  5 leopard geckos
  41 orcs
  2 ball pythons (D:2)
  11 bats
  10 giant cockroaches
  6 goblins
  7 hobgoblins
  14 jackals
  15 kobolds
  9 quokkas
  5 frilled lizards
  7 rats
382 creatures vanquished.

Vanquished Creatures (others)
  2 slaves (D:6)
  A necrophage (D:6)
  A worker ant (D:6)
4 creatures vanquished.

Grand Total: 386 creatures vanquished

Notes
Turn   | Place    | Note
-------+----------+-------------------------------------------
     0 | D:1      | Kloppie the Draconian Berserker began the quest for the Orb.
     0 | D:1      | Reached XP level 1. HP: 19/19 MP: 1/1
   315 | D:1      | Reached XP level 2. HP: 26/26 MP: 2/2
   902 | D:2      | Reached XP level 3. HP: 31/31 MP: 3/3
   936 | D:2      | Found an iron altar of Okawaru.
   940 | D:2      | Reached ** piety under Trog
   991 | D:2      | Found an opulent altar of Gozag.
  1129 | D:2      | Found a deep blue altar of Sif Muna.
  1284 | D:2      | Reached XP level 4. HP: 29/40 MP: 4/4
  1525 | D:2      | Found a glowing golden altar of the Shining One.
  1942 | D:3      | Found a bloodstained altar of Trog.
  1943 | D:3      | Noticed an eye of draining
  1956 | D:3      | Killed an eye of draining
  1956 | D:3      | Reached XP level 5. HP: 42/47 MP: 0/5
  2073 | D:3      | Found a hide-covered altar of Uskayaw.
  2609 | D:4      | Reached skill level 5 in Fighting
  2609 | D:4      | Reached XP level 6. HP: 50/56 MP: 6/6
  2660 | D:4      | Reached *** piety under Trog
  2664 | D:4      | Reached skill level 5 in Long Blades
  3050 | D:4      | Noticed Natasha
  3057 | D:4      | Your scales start taking on an icy white colour.
  3057 | D:4      | Reached XP level 7. HP: 48/62 MP: 7/7
  3057 | D:4      | Gained mutation: Your flesh is cold resistant. (rC+) [White Draconian growth]
  3064 | D:4      | Killed Natasha
  3325 | D:4      | Found a staircase to the Ecumenical Temple.
  3369 | D:4      | Found an ancient bone altar of Kikubaaqudgha.
  3415 | D:4      | Noticed Natasha
  3425 | D:4      | Killed Natasha
  3440 | D:4      | Noticed Natasha
  3448 | D:4      | Killed Natasha
  3448 | D:4      | Reached skill level 5 in Dodging
  3769 | D:5      | Entered Level 5 of the Dungeon
  4033 | D:5      | Noticed Menkaure
  4046 | D:5      | Killed Menkaure
  4046 | D:5      | Reached XP level 8. HP: 15/71 MP: 8/8
  5401 | D:6      | Reached **** piety under Trog
  5418 | D:6      | Noticed Grinder
  5430 | D:6      | Killed Grinder
  5493 | D:6      | Found a radiant altar of Vehumet.
  5799 | D:6      | Reached XP level 9. HP: 80/80 MP: 9/9
  5914 | D:6      | Noticed Eustachio
  5915 | D:6      | Noticed Pikel
  5928 | D:6      | Killed Pikel
  5944 | D:6      | Killed Eustachio
  6035 | D:6      | Found a stormy altar of Qazlal.
  6035 | D:6      | Found a glowing silver altar of Zin.
  6439 | D:7      | Found a white marble altar of Elyvilon.
  6646 | D:7      | Found Iroaweng's Magic Scroll Shop.
  6780 | D:7      | Found a faded altar of an unknown god.
  6780 | D:7      | Found a blossoming altar of Fedhas.
  6786 | D:7      | Found a faded altar of an unknown god.
  6793 | D:7      | Found a faded altar of an unknown god.
  6795 | D:7      | Found a faded altar of an unknown god.
  6937 | D:7      | Found a snail-covered altar of Cheibriados.
  6996 | D:7      | Found Xuzipn's Distillery.
  7005 | D:7      | Bought a potion of mutation for 32 gold pieces
  7112 | D:7      | Found Gyx Paib's Food Shop.
  7324 | D:7      | Reached skill level 1 in Shields
  7378 | D:8      | Reached ***** piety under Trog
  7381 | D:8      | Noticed eXcel's ghost (novice MiGl)
  7407 | D:8      | Killed eXcel's ghost
  7407 | D:8      | Reached XP level 10. HP: 58/91 MP: 10/10
  7563 | D:8      | Found a burning altar of Makhleb.
  7601 | D:8      | Noticed a green ugly thing
  7627 | D:8      | Killed a green ugly thing
  7627 | D:8      | Reached skill level 10 in Fighting
  7697 | D:8      | Got a ring of the Octopus King
  7698 | D:8      | Identified a ring of the Octopus King {rF+ AC+1 EV+1 Str+1 Int+1 Dex+1} (You found it on level 8 of the Dungeon)
  8392 | D:9      | Found a shimmering altar of Xom.
  8426 | D:9      | Found a staircase to the Lair.
  8713 | D:9      | Reached skill level 10 in Long Blades
  8787 | D:9      | You fall through a shaft for 3 floors!
  8830 | D:12     | Noticed a hill giant
  9220 | D:11     | Noticed Psyche
  9230 | D:11     | Killed Psyche
  9726 | D:11     | Noticed a gargoyle
  9759 | D:11     | Reached XP level 11. HP: 100/102 MP: 11/11
 10362 | D:11     | Noticed an obsidian statue
 10380 | D:11     | Noticed a hill giant
 10424 | D:11     | Killed a hill giant
 10435 | D:11     | Received a gift from Trog
 10665 | D:10     | Entered Level 10 of the Dungeon
 11860 | D:10     | Found a portal to a secret trove of treasure.
 12071 | D:10     | Found a staircase to the Orcish Mines.
 12890 | D:10     | Found a glowing silver altar of Zin.
 13206 | D:11     | Got an ichor-stained morningstar
 13513 | D:11     | Identified the cursed +0 morningstar "Aubergine" {crush, rPois MP-9 Int+3} (You found it on level 11 of the Dungeon)
 13590 | D:12     | Noticed a death yak
 13616 | D:12     | Killed a death yak
 14051 | D:12     | Reached XP level 12. HP: 46/115 MP: 12/12
 14564 | D:12     | Received a gift from Trog
 15709 | Lair:1   | Entered Level 1 of the Lair of Beasts
 15724 | Lair:1   | You fall through a shaft!
 15725 | Lair:2   | Found a hole to the Spider Nest.
 15747 | Lair:1   | HP: 4/115 [basilisk (7)]
 15747 | Lair:1   | Slain by a komodo dragon

Skill      XL: |  1  2  3  4  5  6  7  8  9 10 11 12 |
---------------+-------------------------------------+-----
Dodging        | 3 4 5 6 7 |  7.8
Fighting       | 4 5 6 8 9 11 13 | 13.5
Long Blades    | 4 5 6 7 9 10 12 13 | 13.3
Shields        | 2 4 |  4.1

Action                   |  1- 3 |  4- 6 |  7- 9 | 10-12 || total
-------------------------+-------+-------+-------+-------++-------
Melee: Falchion          |   120 |   127 |   463 |   758 ||  1468
       Tailslap          |    18 |    26 |    86 |   221 ||   351
       Long sword        |       |       |       |   205 ||   205
       Scimitar          |       |       |       |    62 ||    62
Invok: Berserk           |     1 |     4 |    12 |    15 ||    32
       Trog's Hand       |       |       |       |     5 ||     5
       Brothers in Arms  |       |       |       |     1 ||     1
Evoke: Wand              |       |       |       |     1 ||     1
  Use: Potion            |       |     1 |    10 |     8 ||    19
       Scroll            |       |       |     8 |     8 ||    16
 Stab: Sleeping          |     2 |       |     2 |       ||     4
  Eat: Chunk             |     2 |     6 |    16 |    38 ||    62
       Meat ration       |       |     1 |     1 |     2 ||     4
       Royal jelly       |       |       |     1 |     1 ||     2
Armor: Skin              |    43 |    25 |   112 |   242 ||   422
Dodge: Dodged            |   104 |    93 |   308 |   841 ||  1346
Block: Buckler           |       |       |     3 |   218 ||   221
       Rpst.: Falchion   |    34 |    32 |    94 |   174 ||   334
       Long sword        |       |       |       |    44 ||    44
       Scimitar          |       |       |       |    20 ||    20
